 Dungeon Crawl Stone Soup version 0.29.1-2-gbd0b4ee654 (webtiles) character file.

Game seed: 13246484183840828177

16 MisterFreud the Ducker (level 2, 0/14 HPs)
             Began as a Felid Berserker on Oct 24, 2022.
             Was a Follower of Trog.
             Slain by a ball python (3 damage)
             ... on level 1 of the Dungeon.
             The game lasted 00:00:42 (546 turns).

MisterFreud the Ducker (Felid Berserker)             Turns: 546, Time: 00:00:42

Health: 0/14       AC:  1    Str: 13    XL:     2   Next: 41%
Magic:  3/3        EV: 15    Int:  8    God:    Trog [*.....]
Gold:   45         SH:  0    Dex: 15    Spells: 1/1 levels left
                                        Lives:  0   Deaths: 0

rFire   . . .      SeeInvis +     - Unarmed
rCold   . . .      Faith    .   (shield unavailable)
rNeg    . . .      Spirit   .   (body armour unavailable)
rPois   .          Reflect  .   (helmet unavailable)
rElec   .          Harm     .   (cloak unavailable)
rCorr   .          Rampage  .   (gloves unavailable)
Will    .....                   (boots unavailable)
Stlth   ++........              (no amulet)
HPRegen 0.04/turn               (no ring)
MPRegen 0.08/turn               (no ring)

@: constricted, quick
A: very small, claws 1, fangs 3, see invisible, speed 1, shaggy fur 1, stealthy
paws, no weapons or thrown items, no armour, multi-lived
a: Renounce Religion, Berserk


You were on level 1 of the Dungeon.
You worshipped Trog.
Trog was aware of your devotion.
You visited 1 branch of the dungeon, and saw 1 of its levels.

You collected 45 gold pieces.

Inventory:

Scrolls
 c - 2 scrolls of teleportation {unknown}
 d - a scroll of blinking {unknown}
Potions
 a - a potion of curing {unknown}
 b - a potion of cancellation {unknown}
 e - a potion of attraction {unknown}


   Skills:
 - Level 3.0 Fighting
 - Level 4.0 Dodging
 + Level 2.1 Stealth
 + Level 3.4 Unarmed Combat


You had one spell level left.
You didn't know any spells.
Your spell library was empty.

Dungeon Overview and Level Annotations

Branches:
Dungeon (1/15)

Altars:


Innate Abilities, Weirdness & Mutations

You have sharp claws.
You have razor-sharp teeth.
You have supernaturally acute eyesight. (SInv)
You cover ground quickly. (Speed+)
You are covered in fur. (AC +1)
Your paws help you pounce on unaware monsters.
You are incapable of wielding weapons or throwing items.
You cannot wear armour.
You gain extra lives every three experience levels.


Message History

You claw the quokka!
You kill the quokka!
Trog accepts your kill. The bat closely misses you.
The bat completely misses you.
There is an open door here.
You see here a quokka corpse.
The bat completely misses you.
There is an open door here.
You see here a quokka corpse.
The bat closely misses you. The bat misses you. The bat closely misses you.
There is an open door here.
You see here a quokka corpse.
The bat barely misses you. The bat hits you.
* * * LOW HITPOINT WARNING * * *
You claw the bat!
You kill the bat!
Trog accepts your kill.
You start resting.
A ball python is nearby!
A ball python is nearby!
The ball python hisses angrily.
You barely miss the ball python. The ball python bites you.
The ball python completely misses you.
You closely miss the ball python. The ball python completely misses you.
The ball python grabs you. The ball python constricts you.
You scratch the ball python.
The ball python is severely wounded.
The ball python completely misses you. The ball python constricts you.
The ball python bites you.
* * * LOW HITPOINT WARNING * * *
The ball python constricts you.
* * * LOW HITPOINT WARNING * * *
You barely miss the ball python.
The ball python is severely wounded.
The ball python bites you.
You die...

...≈...
######..#!..#()# .
....... #..#?..#..#...
≈.....≈ #..###........
....... ##....†.###..S
)..≈... #.#..#..$#
....... #.#(.#...#
.⌠...⌠. #.####†###...
.......
##.######............#
.......
#....@S.†......#.##..#
#######
#.#######........#
##########


You could see a ball python.

Vanquished Creatures
  3 endoplasms (D:1)
  3 hobgoblins (D:1)
  2 quokkas (D:1)
  A ball python (D:1)
  2 bats (D:1)
  2 frilled lizards (D:1)
  A kobold (D:1)
  2 rats (D:1)
16 creatures vanquished.

Notes
Turn   | Place    | Note
-------+----------+-------------------------------------------
     0 | D:1      | MisterFreud the Felid Berserker began the quest for the
                  | Orb.
     0 | D:1      | Reached XP level 1. HP: 10/10 MP: 2/2
   200 | D:1      | Reached skill level 1 in Stealth
   285 | D:1      | Reached XP level 2. HP: 14/14 MP: 3/3
   546 | D:1      | Slain by a ball python

Illustrated notes

Levels and vault maps discovered:
D:1:      dpeg_arrival_stone_temple_mockup, layout_basic, minmay_octomino_c4

Skill      XL: |  1  2 |
---------------+-------+-----
Stealth        | 1 2 |  2.1
Fighting       | |  3.0
Dodging        | |  4.0
Unarmed Combat | |  3.4

Action                   || total
-------------------------++-------
Melee: Unarmed           ||    37
       Bite              ||     5
       Punch             ||     1
 Stab: Sleeping          ||     1
Armor: Skin              ||     3
Dodge: Dodged            ||    35
